 Dungeon Crawl Stone Soup version 0.27.1-2-g3b301248ec (webtiles) character file.

Game seed: 16388792270216961900

65 Borgoz the Skirmisher (level 4, -3/43 HPs)
             Began as a Gargoyle Berserker on Sept 23, 2021.
             Was a Believer of Trog.
             Slain by a gnoll (6 damage)
             ... on level 1 of the Dungeon.
             The game lasted 00:01:13 (1436 turns).

Borgoz the Skirmisher (Gargoyle Berserker)          Turns: 1436, Time: 00:01:13

Health: -3/43      AC:  5    Str: 21    XL:     4   Next: 14%
Magic:  4/4        EV: 12    Int:  8    God:    Trog [**....]
Gold:   37         SH:  0    Dex:  9    Spells: 3/3 levels left

rFire    . . .     SeeInvis .   a - +0 mace
rCold    . . .     Faith    .   (no shield)
rNeg     + . .     Spirit   .   b - +0 animal skin
rPois    ∞         Reflect  .   (no helmet)
rElec    +         Harm     .   (no cloak)
rCorr    .         Rampage  .   (no gloves)
Will     .....                  (no boots)
Stlth    ..........             (no amulet)
HPRegen  0.14/turn              (no ring)
MPRegen  0.09/turn              (no ring)

@: berserking, very quick
A: sickness immunity, AC +3, negative energy resistance 1, electricity
resistance, torment resistance 1, petrification resistance
a: Renounce Religion, Berserk, Trog's Hand


You were on level 1 of the Dungeon.
You worshipped Trog.
Trog was pleased with you.
You visited 1 branch of the dungeon, and saw 2 of its levels.

You collected 37 gold pieces.

Inventory:

Hand Weapons
 a - a +0 mace (weapon)
Armour
 b - a +0 animal skin (worn)
Scrolls
 c - 2 scrolls of identify {unknown}
Potions
 d - 2 potions of curing {unknown}
 e - a potion of heal wounds {unknown}
 f - a potion of mutation {unknown}


   Skills:
 + Level 3.9 Fighting
 + Level 3.5 Maces & Flails
 + Level 3.1 Armour
 + Level 2.1 Dodging


You had 3 spell levels left.
You didn't know any spells.
Your spell library was empty.

Dungeon Overview and Level Annotations

Branches:
Dungeon (2/15)

Altars:


Innate Abilities, Weirdness & Mutations

You are immune to sickness and miasma.
Your stone body is resilient. (AC +3)
You are immune to poison.
You resist negative energy. (rN+)
You are resistant to electric shocks. (rElec)
You are resistant to unholy torment.
You are immune to petrification.


Message History

The endoplasm completely misses you. The endoplasm misses you.
You hit the endoplasm.
The endoplasm is severely wounded.
The endoplasm hits you but does no damage.
You hit the endoplasm.
You kill the endoplasm!
Trog accepts your kill.
No target in view!
No target in view!
Things that are here:
a +0 spear; a gnoll corpse
There is a stone staircase leading down here.
You start resting.
HP restored.
You climb downwards.
The gnoll hits you with a +0 halberd!
Ouch! That really hurt!
The gnoll hits you with a +0 spear. The gnoll misses you.
The gnoll hits you with a +0 spear.
* * * LOW HITPOINT WARNING * * *
There is a stone staircase leading up here.
The gnoll closely misses you. The gnoll barely misses you.
The gnoll hits you with a +0 spear.
* * * LOW HITPOINT WARNING * * *
You climb upwards.
There is a stone staircase leading down here.
A red film seems to cover your vision as you go berserk!
You feel yourself moving faster!
You feel mighty! The gnoll barely misses you. The gnoll misses you.
You sock the gnoll!
You kill the gnoll!
Trog accepts your kill. The gnoll misses you.
You have reached level 4!
You feel clever.
You hit the gnoll.
The gnoll is heavily wounded.
You closely miss the gnoll.
The gnoll is heavily wounded.
The gnoll hits you with a +0 halberd.
You die...

## #.
#################.
#@).............+.
###g########...####.
#...# ######...# #.
#.#.# #........# #.
#.#.# #.####...# #.
#.#.# #.# #...# ##
#.#.###.#####'######
#.#................+
#.#####.#####.######


You could see a gnoll.

Vanquished Creatures
  2 gnolls (D:1)
  2 dart slugs (D:1)
  3 ball pythons (D:1)
  3 bats
  6 endoplasms
  4 giant cockroaches
  3 goblins (D:1)
  3 hobgoblins (D:1)
  2 jackals (D:1)
  2 kobolds
  A quokka (D:1)
  3 frilled lizards (D:1)
  4 rats
38 creatures vanquished.

Notes
Turn   | Place    | Note
-------+----------+-------------------------------------------
     0 | D:1      | Borgoz the Gargoyle Berserker began the quest for the Orb.
     0 | D:1      | Reached XP level 1. HP: 14/14 MP: 1/1
    52 | D:1      | Reached XP level 2. HP: 16/19 MP: 2/2
   615 | D:1      | Found a faded altar of an unknown god.
   654 | D:1      | Reached ** piety under Trog
   660 | D:1      | Reached XP level 3. HP: 22/24 MP: 3/3
  1431 | D:2      | HP: 1/24 [gnoll (4)]
  1435 | D:1      | Reached XP level 4. HP: 2/29 MP: 4/4
  1436 | D:1      | Slain by a gnoll

Illustrated notes

Levels and vault maps discovered:
D:1:      ebering_trefoil_3fold, layout_basic,
          shapermc_ecumenical_altar_mp_vishouse
D:2:      layout_rooms, serial_shops, nicolae_shop_statue_plus

Skill      XL: |  1  2  3 |
---------------+----------+-----
Dodging        | 2 |  2.1
Armour         | 3 |  3.1
Fighting       | |  3.9
Maces & Flails | |  3.5

Action                   |  1- 3 |  4- 6 || total
-------------------------+-------+-------++-------
Melee: Mace              |   114 |     2 ||   116
Invok: Berserk           |     1 |       ||     1
 Stab: Sleeping          |     3 |       ||     3
Armor: Animal skin       |    51 |       ||    51
Dodge: Dodged            |    93 |       ||    93
